AoeStats
← Maty

Nomad

510050643Analyzed
4v4 RM · 3d ago on Sep 29, 2026· 55m 9s· 8 players
Game mode
Random Map
Map size
231×231
Population
200
Speed
Normal
Resources
Standard
Victory
Conquest
Starting age
Dark Age
Ending age
Imperial Age
RankedLock teamsTeams togetherTeam positionsShared explorationLock speedFull tech treeHidden civsTurbo modeCheats
Victory
Defeat
🇨🇳 Shu · China
1579
+13
🇹🇼 Vikings · Taiwan
1567
+13
🇨🇳 Maya · China
1563
+14
🇨🇳 Lithuanians · China
1524
+15
🇩🇪 Wei · Germany
1665
-20
🇩🇪 Turks · Germany
1467
-12
🇪🇨 Gurjaras · Ecuador
1460
-12
🇨🇳 Sicilians · China
1450
-11
教授
3:15 Loom
13:23 Feudal Age
15:31 Double-Bit Axe
20:40 Castle Age
18:43 Town Watch
19:20 Fletching
19:58 Padded Archer Armor
21:19 Bodkin Arrow
35:24 Wheelbarrow
38:32 Scale Barding Armor
38:37 Forging
42:46 Imperial Age
41:34 Horse Collar
41:45 Gold Mining
43:12 Chain Barding Armor
44:12 Iron Casting
45:55 Plate Barding Armor
46:29 Conscription
46:57 Elite Leitis
48:14 Bloodlines
48:04 Husbandry
50:01 Heavy Plow
53:13 Hand Cart
53:11 Bow Saw
54:28 Ballistics
55:08 Chemistry
54:54 Bracer
Element-Dy
4:39 Loom
14:33 Feudal Age
18:11 Castle Age
16:16 Stone Mining
16:14 Double-Bit Axe
17:20 Gold Mining
17:34 Fishing Lines
17:47 Fletching
18:31 Padded Archer Armor
19:11 Bodkin Arrow
19:32 Leather Archer Armor
20:52 Wheelbarrow
20:34 Bow Saw
23:11 Hand Cart
27:21 Fervor
27:32 Sanctity
31:03 Stone Shaft Mining
36:37 Imperial Age
33:53 Town Watch
34:31 Ballistics
34:11 Pikeman
34:52 Squires
34:53 Scale Mail Armor
35:20 Treadmill Crane
35:50 Masonry
36:58 Squires
37:14 Chain Mail Armor
37:09 Forging
37:44 Conscription
37:30 Bracer
38:31 Chemistry
38:01 Elite Plumed Archer
40:10 Plate Mail Armor
40:10 Ring Archer Armor
40:30 Halberdier
52:42 Eagle Warrior
菜就怪隊友
4:15 Loom
16:13 Feudal Age
17:00 Double-Bit Axe
18:21 Fletching
26:22 Castle Age
27:37 Bow Saw
34:16 Town Watch
36:30 Fishing Lines
38:28 Medium Warships
38:28 Horse Collar
39:57 Heavy Plow
40:10 Bodkin Arrow
45:46 Forging
47:34 Padded Archer Armor
46:56 Crossbowman
50:09 Imperial Age
48:35 Ballistics
49:32 Leather Archer Armor
50:11 Arbalester
51:55 Chemistry
51:43 Bracer
53:10 Two-Man Saw
52:28 Siege Engineers
53:12 Conscription
53:36 Ring Archer Armor
54:04 Crop Rotation
aaa
3:44 Loom
11:45 Feudal Age
12:15 Town Watch
14:48 Fletching
25:08 Castle Age
49:42 Horse Collar
Kümmelbrot OP
5:25 Loom
13:32 Feudal Age
14:40 Town Watch
17:25 Castle Age
16:39 Fletching
16:50 Padded Archer Armor
18:21 Bodkin Arrow
20:24 Double-Bit Axe
43:30 Medium Warships
freedom is not free
3:47 Loom
19:03 Feudal Age
19:35 Fishing Lines
19:48 Double-Bit Axe
19:57 Gold Mining
19:59 Town Watch
22:56 Castle Age
21:01 Horse Collar
23:35 Gillnets
23:56 Medium Warships
23:59 Bow Saw
24:47 Wheelbarrow
24:51 Heavy Plow
26:25 Hand Cart
28:47 Town Patrol
33:15 Imperial Age
31:07 Clinker Construction
31:04 Siphons
31:46 Gold Shaft Mining
32:02 Careening
32:56 Stone Mining
33:25 Masonry
34:33 Stone Shaft Mining
34:29 Shipwright
34:53 Crop Rotation
35:46 Heavy Warships
36:29 Chemistry
36:39 Dry Dock
36:42 Carvel Hull
38:48 Conscription
39:03 Ballistics
38:39 Murder Holes
39:24 Siege Engineers
41:04 Hauberk
41:27 Scale Barding Armor
41:33 Forging
41:58 Bloodlines
41:49 Husbandry
41:38 Cavalier
43:23 Chain Barding Armor
43:38 Iron Casting
45:34 Plate Barding Armor
48:12 Blast Furnace
48:32 Scale Mail Armor
48:39 Squires
48:24 Arson
48:00 Pikeman
50:04 Chain Mail Armor
49:38 Gambesons
50:00 Halberdier
51:23 Coinage
51:03 Guilds
52:12 Plate Mail Armor
53:32 Banking
53:04 Caravan
53:34 Fletching
55:33 Bodkin Arrow
Maty
5:43 Loom
14:42 Feudal Age
15:18 Town Watch
18:42 Castle Age
17:16 Double-Bit Axe
18:36 Gold Mining
19:08 Fishing Lines
20:00 Bow Saw
20:33 Scale Barding Armor
21:24 Wheelbarrow
21:21 Bloodlines
22:46 Horse Collar
24:51 Devotion
30:48 Husbandry
31:41 Chain Barding Armor
34:17 Gold Shaft Mining
33:33 Stone Mining
38:49 Imperial Age
36:34 Light Cavalry
40:17 Plate Barding Armor
39:16 Hussar
41:00 Fletching
43:18 Bodkin Arrow
LM \ Molle
3:56 Loom
14:58 Feudal Age
19:10 Castle Age
18:37 Double-Bit Axe
24:44 Horse Collar
26:26 Bow Saw
28:31 Wheelbarrow
31:13 Heavy Plow
31:04 Gold Mining
32:57 Town Watch
33:27 Hand Cart
34:15 Scale Barding Armor
34:06 Fletching
38:18 Tuntian
38:40 Chain Barding Armor
38:55 Bloodlines
39:46 Forging
46:20 Imperial Age
44:29 Iron Casting
47:05 Gold Shaft Mining
46:20 Stone Mining
46:23 Elite Tiger Cavalry
47:23 Conscription
48:09 Blast Furnace
47:51 Ming Guang Armor
47:09 Capped Ram
48:13 Siege Ram
49:42 Hoardings
48:44 Pikeman
49:57 Halberdier
51:23 Squires
53:23 Scale Mail Armor
53:55 Masonry
54:33 Treadmill Crane
54:45 Fletching
Connection lost

Rejoining the realm…

Still unreachable

The connection could not be restored.

Session expired

The server has moved on; the page needs a fresh start.